 Dungeon Crawl Stone Soup version 0.26.1-11-gd32895ea62 (webtiles) character file.

Game seed: 7957315388719582167

896 ZappyNine the Cutter (level 8, -7/48 (52) HPs)
             Began as a Kobold Berserker on July 5, 2021.
             Was a Believer of Trog.
             Mangled by an orc warrior
             ... wielding a +0 glaive
              (22 damage)
             ... on level 6 of the Dungeon.
             The game lasted 00:06:07 (5208 turns).

ZappyNine the Cutter (Kobold Berserker)             Turns: 5208, Time: 00:06:08

HP:   -7/48 (52)    AC:  4    Str: 14    XL:     8   Next: 27%
MP:   8/8           EV: 17    Int:  9    God:    Trog [**....]
Gold: 252           SH:  0    Dex: 16    Spells: 7/7 levels left

rFire    x . .     SeeInvis .   y - +1 dagger (vamp)
rCold    + + .     Faith    .   (shield restricted)
rNeg     . . .     Spirit   .   b - +0 animal skin
rPois    .         Reflect  .   (no helmet)
rElec    .         Harm     .   (no cloak)
rCorr    .         Rampage  .   (no gloves)
Will     ++...                  r - +1 pair of boots
Stlth    +++++.....             (no amulet)
HPRegen  1.16/turn              f - ring of protection from cold
MPRegen  0.11/turn              k - ring of ice (curse)

@: regenerating, drained
A: small, nightstalker 3
a: Renounce Religion, Berserk, Trog's Hand


You were on level 6 of the Dungeon.
You worshipped Trog.
Trog was pleased with you.
You visited 1 branch of the dungeon, and saw 5 of its levels.

You collected 252 gold pieces.

Inventory:

Hand Weapons
 a - a +0 short sword
 n - a +1 war axe of flaming
 x - a +5 spear
 y - a +1 vampiric dagger (weapon)
Armour
 b - a +0 animal skin (worn)
 r - a +1 pair of boots (worn)
Jewellery
 f - a ring of protection from cold (left hand)
 k - a cursed ring of ice (right hand)
 l - a +4 ring of slaying {unknown}
 p - an uncursed amulet of faith {unknown}
Scrolls
 e - a scroll of enchant weapon {unknown}
 g - 4 scrolls of remove curse {unknown}
 j - 3 scrolls of identify {unknown}
 m - a scroll of teleportation {unknown}
 o - a scroll of random uselessness {unknown}
 q - a scroll of noise {unknown}
 t - a scroll of amnesia {unknown}
 u - a scroll of fear {unknown}
 v - 2 scrolls of enchant armour {unknown}
 w - a scroll of silence {unknown}
Potions
 c - a potion of flight {unknown}
 d - a potion of brilliance {unknown}
 h - a potion of berserk rage {unknown}
 i - a potion of curing {unknown}
 s - a potion of heal wounds {unknown}


   Skills:
 + Level 6.4 Fighting
 + Level 7.1 Short Blades
 - Level 1.5 Armour
 + Level 3.9 Dodging
 + Level 7.0 Stealth


You had 7 spell levels left.
You didn't know any spells.
Your spell library was empty.

Dungeon Overview and Level Annotations

Branches:
Dungeon (4/15)
 Temple: D:4-7

Altars:
Kikubaaqudgha


Innate Abilities, Weirdness & Mutations

You are small and have problems with some larger weapons.
You are completely attuned to the shadows.


Message History

You are too injured to fight recklessly!
Unknown command.
The giant cockroach misses you.
Things that are here:
a +0 club; an orc corpse
Items here: ! ))))) ? [[ †††††.
You closely miss the giant cockroach.
The giant cockroach completely misses you.
Unknown command.
Your skin crawls.
You feel strong-willed.
The orc warrior hits you from afar with a +0 glaive!
* * * LOW HITPOINT WARNING * * *
The giant cockroach bites you but does no damage.
Unknown command.
The giant cockroach completely misses you.
There is a stone staircase leading up here.
The giant cockroach bites you but does no damage.
The orc warrior hits you from afar with a +0 glaive!!
You die...

......
>....................
.......
......................
.......
....................###
.......
........)...............
.......
........................
.......
........................
.......
.............#######....
....... .............#
#.... .......
.......@.....# ##...
.......
.......B.....########...
.......
.......o.....##....##...
......
.............##....##...
.....
.............##.........
#####
##.......######.........
.........######.........
#########)).........####
#.†..)......# #


You could see an orc warrior and a giant cockroach.

Vanquished Creatures
  Edmund (D:4)
  An ice beast (D:6)
  A centaur (D:3)
  A bullfrog (D:3)
  A scorpion (D:4)
  3 wights (D:6)
  4 orc wizards
  An iguana (D:4)
  2 worker ants
  A worker ant zombie (D:6)
  3 gnolls (D:6)
  4 adders
  2 shadow imps
  4 worms
  A dart slug (D:4)
  2 leopard geckos
  20 orcs
  5 giant cockroaches
  3 goblins (D:2)
  4 hobgoblins
  3 quokkas
  6 bats
  4 frilled lizards
  2 kobolds (D:2)
  5 rats
84 creatures vanquished.

Notes
Turn   | Place    | Note
-------+----------+-------------------------------------------
     0 | D:1      | ZappyNine the Kobold Berserker began the quest for the Orb.
     0 | D:1      | Reached XP level 1. HP: 14/14 MP: 1/1
   176 | D:1      | Reached skill level 1 in Stealth
   258 | D:1      | Reached XP level 2. HP: 17/19 MP: 2/2
  1094 | D:2      | Reached XP level 3. HP: 23/24 MP: 3/3
  1578 | D:2      | Reached skill level 5 in Short Blades
  1578 | D:2      | Reached XP level 4. HP: 29/29 MP: 4/4
  1631 | D:2      | HP: 1/29 [orc/+0 war axe (12)]
  2201 | D:3      | Reached XP level 5. HP: 34/34 MP: 5/5
  2316 | D:3      | Reached ** piety under Trog
  2946 | D:3      | Noticed a centaur
  2950 | D:3      | Killed a centaur
  2951 | D:3      | Reached XP level 6. HP: 40/40 MP: 6/6
  3087 | D:3      | Reached skill level 5 in Fighting
  3612 | D:4      | Noticed Edmund
  3635 | D:4      | Reached skill level 5 in Stealth
  3650 | D:4      | Killed Edmund
  3651 | D:4      | Reached XP level 7. HP: 30/44 MP: 7/7
  4121 | D:4      | You fall into a shaft and drop 2 floors!
  4388 | D:6      | Found an ancient bone altar of Kikubaaqudgha.
  4525 | D:6      | Reached XP level 8. HP: 30/51 MP: 8/8
  5208 | D:6      | Mangled by an orc warrior

Illustrated notes

Levels and vault maps discovered:
D:1:      sevenhm_arrival_forest_fort_small_3, layout_rooms
D:2:      layout_loops_ring
D:3:      layout_loops_ring, minmay_crystal_room, minmay_misc_feat_hallway
D:4:      layout_rooms, elyvilon_altar_5, uniq_edmund
D:6:      layout_basic, lemuel_temple_firewalk_b, serial_shops, shop,
          tgw_kikubaaqudgha

Skill      XL: |  1  2  3  4  5  6  7  8 |
---------------+-------------------------+-----
Stealth        | 1 2 3 4 5 6 7 |  7.0
Fighting       | 4 5 6 |  6.4
Short Blades   | 5 6 7 |  7.1
Dodging        | 3 |  3.9
Armour         | |  1.5

Action                   |  1- 3 |  4- 6 |  7- 9 || total
-------------------------+-------+-------+-------++-------
Melee: Short sword       |    63 |   116 |    75 ||   254
       Spear             |       |       |    55 ||    55
       Dagger            |       |       |    21 ||    21
Invok: Berserk           |     1 |     4 |     5 ||    10
       Trog's Hand       |       |     1 |     2 ||     3
 Stab: Sleeping          |    10 |     7 |     2 ||    19
       Distracted        |       |     2 |     3 ||     5
Armor: Animal skin       |     5 |    12 |    12 ||    29
Dodge: Dodged            |    28 |    83 |   100 ||   211
